 Dungeon Crawl Stone Soup version 0.30-a0-591-g3c58d2bc28 (webtiles) character file.

Game seed: 10426245971301743496

1512 bmack86 the Cleaver (level 8, -4/71 HPs)
             Began as a Minotaur Fighter on Jan 5, 2023.
             Was a Believer of Okawaru.
             Succumbed to a gnoll sergeant's poison
             ... on level 6 of the Dungeon.
             The game lasted 00:15:56 (4566 turns).

bmack86 the Cleaver (Minotaur Fighter)              Turns: 4566, Time: 00:15:57

Health: -4/71      AC: 19    Str: 24    XL:     8   Next: 53%
Magic:  9/9        EV:  4    Int:  5    God:    Okawaru [**....]
Gold:   234        SH:  5    Dex:  9    Spells: 7/7 levels left

rFire   . . .      SeeInvis .    s - +2 war axe (flame)
rCold   . . .      Faith    .    c - +0 buckler
rNeg    . . .      Spirit   .    m - +0 crystal plate armour
rPois   .          Reflect  .    (helmet restricted)
rElec   .          Harm     .    (no cloak)
rCorr   .          Rampage  .    k - +0 pair of gloves
Will    .....                    (no boots) Stlth
                                 w - amulet of regeneration
HPRegen 1.11/turn                (no ring)
MPRegen 0.11/turn                (no ring)

@: lethally poisoned (-4 -> -26)
A: horns 2, retaliatory headbutt
a: Renounce Religion, Heroism


You were on level 6 of the Dungeon.
You worshipped Okawaru.
Okawaru was pleased with you.
You visited 2 branches of the dungeon, and saw 7 of its levels.

You collected 234 gold pieces.

Inventory:

Hand Weapons
 i - the +11 spear "Durchaif" {holy, rN++ Str+2}
   (You found it on level 2 of the Dungeon)

   Str:       It affects your strength (+2).
   rN:        It greatly protects you from negative energy.
 s - a +2 war axe of flaming (weapon)
Missiles
 b - 3 poisoned darts
 v - a boomerang (quivered)
Armour
 c - a +0 buckler (worn)
 k - a +0 pair of gloves (worn)
 m - a +0 crystal plate armour (worn)
Jewellery
 w - an amulet of regeneration (around neck)
Scrolls
 a - a scroll of poison {unknown}
 e - 2 scrolls of silence
 g - 2 scrolls of immolation
 l - a scroll of fog
 o - 3 scrolls of teleportation
 r - a scroll of amnesia
 t - a scroll of vulnerability
 y - a scroll of identify
Potions
 d - 4 potions of might
 f - 2 potions of brilliance
 h - a potion of haste
 j - a potion of ambrosia
 n - 3 potions of flight
 p - a potion of berserk rage
 q - a potion of attraction
 u - 2 potions of invisibility
 A - a potion of resistance {unknown}


   Skills:
 + Level 6.5 Fighting
 * Level 8.0 Axes
 + Level 6.5 Armour
 + Level 6.4 Shields
 + Level 3.2 Invocations


You had 7 spell levels left.
You didn't know any spells.
Your spell library contained the following spells:

 Spells                   Type           Power      Damage    Failure   Level
 Freeze                   Ice            0%         1d3       100%        1
 Necrotise                Necr           0%         1d4       100%        1
 Vampiric Draining        Necr           0%         2d6       100%        3
 Agony                    Necr           0%         N/A       100%        5


Dungeon Overview and Level Annotations

Branches:
Dungeon (6/15)             Temple (1/1) D:4

Altars:
Cheibriados
Dithmenos
Elyvilon
Gozag
Kikubaaqudgha
Makhleb
Nemelex Xobeh
Okawaru
Qazlal
Ru
Sif Muna
Trog
Uskayaw
Vehumet
Wu Jian
The Shining One

Shops:
D:5 (


Innate Abilities, Weirdness & Mutations

You have a pair of horns on your head.
You reflexively headbutt those who attack you in melee.


Message History

Deactivating autopickup; reactivate with Ctrl-A.
Something hits you but does no damage.
The gnoll sergeant hits you but does no damage.
You are more poisoned.
The gnoll hits you with a +0 flail.
You closely miss something. Your headbutt misses something.
You barely miss the gnoll sergeant. You closely miss the gnoll.
You feel very sick. Something hits you but does no damage.
The gnoll sergeant hits you but does no damage.
The gnoll hits you but does no damage. Something hits you but does no damage.
The gnoll hits you but does no damage.
The gnoll sergeant hits you with a +2 trident of venom!
You slice something!! You burn something. Okawaru accepts your kill.
Reactivating autopickup.
You feel a bit more experienced.
You barely miss the gnoll. You closely miss the gnoll sergeant.
You feel very sick. The gnoll hits you with a +0 flail.
* * * LOW HITPOINT WARNING * * *
The gnoll sergeant hits you with a +2 trident of venom!
* * * LOW HITPOINT WARNING * * *
You are lethally poisoned!
Your life force feels restored.
Your Axes skill increases to level 8!
* * * LOW HITPOINT WARNING * * *
You feel very sick. The gnoll hits you but does no damage.
The gnoll sergeant hits you with a +2 trident of venom.
* * * LOW HITPOINT WARNING * * *
You are more poisoned.
You slash the gnoll sergeant! You burn the gnoll sergeant.
You headbutt the gnoll sergeant.
The gnoll sergeant is severely wounded.
You hit the gnoll. You burn the gnoll.
You kill the gnoll!
Okawaru accepts your kill.
You completely miss the gnoll.
You die...

...........+......###.#..#
..........#......#......#
..........#............!
^.........#......###.#...
.......)..######.### ...
#.......# ..####.......#.#
.......).......#
.###..@)......#
#.gg##+#...# #...... ....#
#....... ....# #........
....# #......... ...#
#.......... ..#
#...........


You could see a gnoll sergeant and a gnoll.

Vanquished Creatures
  A steam dragon (D:6)
  A water moccasin (D:5)
  An orc warrior (D:4)
  An ice beast (D:6)
  A sky beast (D:6)
  2 black bears
  An ogre (D:5)
  A bullfrog (D:5)
  A scorpion (D:5)
  A jelly (D:4)
  4 orc priests
  2 hounds
  2 iguanas
  4 orc wizards
  Robin (D:3)
  5 gnolls
  7 adders
  A shadow imp (D:6)
  A worm (D:3)
  2 dart slugs (D:5)
  20 orcs
  10 ball pythons
  15 endoplasms
  5 giant cockroaches
  16 goblins
  7 hobgoblins
  5 kobolds
  3 quokkas
  3 bats
  3 frilled lizards
  4 rats
131 creatures vanquished.

Vanquished Creatures (others)
  An endoplasm (D:4)
1 creature vanquished.

Grand Total: 132 creatures vanquished

Notes
Turn   | Place    | Note
-------+----------+-------------------------------------------
     0 | D:1      | bmack86 the Minotaur Fighter began the quest for the Orb.
     0 | D:1      | Reached XP level 1. HP: 19/19 MP: 0/0
   205 | D:1      | Reached XP level 2. HP: 21/27 MP: 1/1
   364 | D:1      | Reached skill level 3 in Axes
   947 | D:2      | Reached XP level 3. HP: 33/33 MP: 2/2
   960 | D:2      | Identified the +11 spear "Durchaif" {holy, rN++ Str+2}
  1459 | D:3      | Reached XP level 4. HP: 40/40 MP: 3/3
  1500 | D:3      | Found a shadowy altar of Dithmenos.
  1768 | D:3      | Found a faded altar of an unknown god.
  2152 | D:3      | Noticed Robin
  2160 | D:3      | Reached skill level 4 in Axes
  2183 | D:3      | Killed Robin
  2438 | D:4      | Reached XP level 5. HP: 47/47 MP: 4/4
  2471 | D:4      | Found a staircase to the Ecumenical Temple.
  2487 | Temple   | Entered the Ecumenical Temple
  2503 | Temple   | Became a worshipper of Warmaster Okawaru
  2577 | D:4      | Found a shimmering blue altar of Sif Muna.
  2595 | D:4      | Got Sif Muna's Tome of Causality
  2609 | D:4      | Found a bloodstained altar of Trog.
  2609 | D:4      | Noticed an orc warrior
  2619 | D:4      | Killed an orc warrior
  2620 | D:4      | Reached skill level 5 in Axes
  2620 | D:4      | Reached XP level 6. HP: 32/55 MP: 0/5
  2757 | D:4      | Reached skill level 5 in Fighting
  2813 | D:4      | Reached skill level 5 in Armour
  2818 | D:4      | Reached skill level 5 in Shields
  2904 | D:4      | Reached skill level 1 in Invocations
  3123 | D:4      | Found a radiant altar of Vehumet.
  3342 | D:5      | Entered Level 5 of the Dungeon
  3349 | D:5      | Reached * piety under Okawaru
  3350 | D:5      | Reached XP level 7. HP: 61/61 MP: 6/6
  3387 | D:5      | Reached skill level 6 in Axes
  3403 | D:5      | Found Yntomnis's Antique Weapon Shoppe.
  3687 | D:5      | Reached skill level 7 in Axes
  4211 | D:6      | Noticed a steam dragon
  4218 | D:6      | Reached XP level 8. HP: 64/70 MP: 8/8
  4354 | D:6      | Reached ** piety under Okawaru
  4558 | D:6      | HP: 3/68 [gnoll sergeant/+2 trident of venom (9)]
  4565 | D:6      | Reached skill level 8 in Axes
  4566 | D:6      | Succumbed to a gnoll sergeant's poison

Illustrated notes

Levels and vault maps discovered:
D:1:      minmay_arrival_wavy_path, layout_basic, chequers_mini_garden
D:2:      layout_basic
D:3:      layout_loops_corners, nicolae_overflow_hidden_temple,
          hellmonk_ecumenical_altar_arch_garden, uniq_robin
D:4:      layout_cave_pods, nzn_overflow_gifts_of_might_and_magic,
          fiery_altar_vehumet, minmay_temple_entry_statues_fountains
D:5:      layout_gridville, serial_shops, nicolae_shop_statue_plus,
          hangedman_decor_lopped
D:6:      layout_basic
Temple:   nicolae_temple_bog_church

Skill      XL: |  1  2  3  4  5  6  7  8 |
---------------+-------------------------+-----
Axes           | 3 4 5 7 8 |  8.0
Fighting       | 4 5 6 |  6.5
Shields        | 4 5 6 |  6.4
Armour         | 4 5 6 |  6.5
Invocations    | 1 2 3 |  3.2

Action                   |  1- 3 |  4- 6 |  7- 9 || total
-------------------------+-------+-------+-------++-------
Melee: War axe           |    33 |       |    68 ||   101
       Headbutt          |     3 |    12 |    18 ||    33
       Spear             |    19 |   109 |    28 ||   156
Invok: Heroism           |       |       |     1 ||     1
  Use: Scroll            |     5 |     7 |     3 ||    15
       Potion            |       |       |     3 ||     3
Armor: Scale mail        |    23 |       |       ||    23
       Crystal plate arm |    11 |   103 |   133 ||   247
Dodge: Dodged            |    27 |    28 |    16 ||    71
Block: Buckler           |     8 |    32 |    22 ||    62

Table legend: (Time is in decaauts)
 A = Elapsed time spent in this place.
 B = Non-inter-level travel time spent in this place.
 C = Inter-level travel time spent in this place.
 D = Time resting spent in this place.
 E = Time spent auto-exploring this place.
 F = Levels seen in this place.
 G = Mean time per level.
                   A        B        C        D        E       F      G
               +--------+--------+--------+--------+--------+-----+--------+
         Total |   4590 |   4518 |     72 |    104 |   3214 |   7 |  655.7 |
       Dungeon |   4552 |   4480 |     72 |    104 |   3214 |   6 |  758.7 |
        Temple |     38 |     38 |      0 |      0 |      0 |   1 |   38.0 |
               +--------+--------+--------+--------+--------+-----+--------+

Top non-repeatable levels by time:
     D:3: 1038 daAuts
     D:4: 891 daAuts
     D:1: 884 daAuts
     D:5: 860 daAuts
     D:2: 505 daAuts
     D:6: 371 daAuts
  Temple: 38 daAuts
